 Dungeon Crawl Stone Soup version 0.29-a0-1016-g236c7fd91e (webtiles) character file.

Game seed: 3436685550221888530

2374 miscthings the Chopper (level 10, 0/81 HPs)
             Began as a Meteoran Artificer on Aug 9, 2022.
             Was a Follower of the Shining One.
             Succumbed to a killer bee's poison
             ... on level 7 of the Dungeon.
             The game lasted 00:12:28 (3707 turns).

miscthings the Chopper (Meteoran Artificer)         Turns: 3707, Time: 00:12:29

Health: 0/81       AC: 11    Str: 29    XL:     10   Next: 3%
Magic:  13/13      EV: 15    Int: 16    God:    the Shining One [*.....]
Gold:   373        SH:  0    Dex: 19    Spells: 9/9 levels left

rFire   . . .      SeeInvis .   w - +0 short sword (venom)
rCold   . . .      Faith    .   (no shield)
rNeg    . . .      Spirit   .   b - +4 robe of Augmentation {Str+4 Int+4 Dex+4}
rPois   .          Reflect  .   j - +0 helmet
rElec   .          Harm     .   m - +0 cloak
rCorr   .          Rampage  .   p - +0 pair of gloves
Will    +....                   v - +0 pair of boots
Stlth   +.........              (no amulet)
HPRegen 0.23/turn               A - +6 ring of strength
MPRegen 0.13/turn               (no ring)

@: lethally poisoned (0 -> -3), glowing
A: sense surroundings 2, otherworldly, glowing, explore regen
a: Renounce Religion, Divine Shield


You were on level 7 of the Dungeon.
You worshipped the Shining One.
The Shining One was aware of your devotion.
You visited 2 branches of the dungeon, and saw 8 of its levels.

You collected 373 gold pieces.

Inventory:

Hand Weapons
 q - a +0 hand axe
 t - a +2 flail of holy wrath
 w - a +0 short sword of venom (weapon)
Missiles
 B - a throwing net
Armour
 b - the +4 robe of Augmentation (worn) {Str+4 Int+4 Dex+4}
   (You found it on level 1 of the Dungeon)

   Str:       It affects your strength (+4).
   Int:       It affects your intelligence (+4).
   Dex:       It affects your dexterity (+4).
 i - a +2 chain mail of cold resistance
 j - a +0 helmet (worn)
 m - a +0 cloak (worn)
 p - a +0 pair of gloves (worn)
 v - a +0 pair of boots (worn)
Jewellery
 A - a +6 ring of strength (left hand)
Wands
 c - a wand of flame (8) (quivered)
 d - a wand of charming (14)
 e - a wand of iceblast (4)
 x - a wand of polymorph (8)
 C - a wand of mindburst (8)
Scrolls
 a - a scroll of teleportation {unknown}
 f - a scroll of poison
 g - a scroll of enchant armour {unknown}
 o - a scroll of fog {unknown}
 r - 2 scrolls of enchant weapon
 s - a scroll of blinking
 u - a scroll of immolation {unknown}
 y - a scroll of summoning {unknown}
Potions
 h - 2 potions of lignification
 k - a potion of flight
 l - 2 potions of heal wounds
 n - a potion of haste


   Skills:
 + Level 5.4 Fighting
 * Level 7.9 Axes
 + Level 6.3 Armour
 + Level 5.9 Dodging
 - Level 0.6 Stealth
 + Level 3.6 Invocations
 + Level 7.0 Evocations


You had 9 spell levels left.
You didn't know any spells.
Your spell library contained the following spells:

 Spells                   Type           Power      Damage    Failure   Level
 Summon Small Mammal      Summ           0%         N/A       26%         1
 Call Canine Familiar     Summ           0%         N/A       58%         3
 Gell's Gravitas          Tloc           0%         N/A       58%         3
 Summon Guardian Golem    Hex/Summ       0%         N/A       58%         3
 Teleport Other           Tloc           0%         N/A       58%         3
 Dispersal                Tloc           0%         N/A       100%        6


Dungeon Overview and Level Annotations

Branches:
Dungeon (7/15) Zot: 589    Temple (1/1) D:5 Zot: 418

Altars:
Ashenzari
Cheibriados
Dithmenos
Elyvilon
Fedhas
Gozag
Hepliaklqana
Kikubaaqudgha
Makhleb
Nemelex Xobeh
Qazlal
Ru
Sif Muna
Uskayaw
Wu Jian
Xom
Yredelemnul
The Shining One

Annotations:
D:6 2 transporters, JakeJacob's ghost, weakling TrBe


Innate Abilities, Weirdness & Mutations

You passively map the area around you.
You are easily found by Zot.
You glow in the dark.
You regain HP and MP as you explore.


Message History

You feel very sick.
The killer bee stings you but does no damage.
The killer bee stings you.
* * * LOW HITPOINT WARNING * * *
You are more poisoned.
The killer bee poisons you!
Okay, then.
You hit the killer bee.
The killer bee is poisoned.
The killer bee is moderately wounded.
You feel very sick.
The killer bee stings you but does no damage. x2
You hit the killer bee.
The killer bee looks as sick as possible!
The killer bee is almost dead.
You feel very sick.
You kill the killer bee!
The killer bee stings you but does no damage.
You hit the killer bee but do no damage.
You feel sick.
The killer bee stings you but does no damage. x2
You hit the killer bee but do no damage.
The killer bee is poisoned.
You feel sick. The killer bee stings you.
* * * LOW HITPOINT WARNING * * *
The killer bee stings you but does no damage.
It was a potion of resistance.
You feel protected.
You feel sick.
The killer bee stings you but does no damage.
The killer bee stings you.
* * * LOW HITPOINT WARNING * * *
It was a potion of cancellation.
Your magical effects are unravelling.
You feel magically purged.
You feel less wooden.
Your +0 cloak unmelds from your body.
Your +0 helmet unmelds from your body.
Your +0 pair of gloves unmelds from your body.
Your +0 pair of boots unmelds from your body.
The +4 robe of Augmentation {Str+4 Int+4 Dex+4} unmelds from your body.
Your resistance to elements expires.
You die...

##.##### ...,, , , #..###
.., ,.., ,
####.†..########...,,, ,.y.
, ...................,
###...,,
######.............,,..yy..,
, #.#......##... #....
#.###...)... . ...#.##* * ,
######........######.......
....<...........@yyyy.....$
.........#.....#########.##
......#.....#..## * ****
.....##..#.##...## ##
.........#.#.....##... , * *
, ...................... , *
, ......#>.............. ,
.......##............. , ,,
........#............. * ,


You could see a hornet and 3 killer bees.

Vanquished Creatures
  A guardian serpent (D:4)
  A vampire mosquito (D:6)
  An ice beast (D:7)
  2 ogres
  4 phantoms
  2 necrophages
  2 scorpions
  5 wights (D:6)
  2 killer bees (D:7)
  A howler monkey (D:4)
  6 hounds
  An orc priest (D:3)
  4 iguanas
  Terence (D:3)
  2 orc wizards (D:6)
  Ijyb (D:4)
  Robin (D:4)
  4 gnolls (D:6)
  4 adders
  A white imp (D:5)
  An ufetubus (D:4)
  3 worms
  2 dart slugs
  8 orcs
  2 bats (D:1)
  11 endoplasms
  5 giant cockroaches
  18 goblins
  5 hobgoblins
  15 jackals (D:4)
  3 quokkas
  6 ball pythons
  5 frilled lizards
  4 kobolds
  9 rats
143 creatures vanquished.

Vanquished Creatures (collateral kills)
  A yak (D:6)
  A jelly (D:6)
  A white imp (D:6)
3 creatures vanquished.

Vanquished Creatures (others)
  3 fungi (D:3)
  4 toadstools (D:3)
7 creatures vanquished.

Grand Total: 153 creatures vanquished

Notes
Turn   | Place    | Note
-------+----------+-------------------------------------------
     0 | D:1      | miscthings the Meteoran Artificer began the quest for the
                  | Orb.
     0 | D:1      | Reached XP level 1. HP: 16/16 MP: 2/2
    52 | D:1      | Found the +4 robe of Augmentation {Str+4 Int+4 Dex+4}
   214 | D:1      | Reached XP level 2. HP: 21/23 MP: 3/3
   339 | D:1      | Reached XP level 3. HP: 25/29 MP: 4/4
   344 | D:1      | You fall into a shaft and drop 1 floor!
   561 | D:1      | Found a faded altar of an unknown god.
   807 | D:2      | Reached XP level 4. HP: 30/36 MP: 5/5
  1262 | D:3      | Noticed Terence
  1264 | D:3      | Reached skill level 1 in Axes
  1264 | D:3      | Reached XP level 5. HP: 32/41 MP: 6/6
  1273 | D:3      | Killed Terence
  1594 | D:4      | Found a shimmering altar of Xom.
  1664 | D:4      | Noticed a two-headed ogre
  1694 | D:4      | Noticed a phantom
  1701 | D:4      | Killed a phantom
  1702 | D:4      | Reached XP level 6. HP: 50/50 MP: 7/7
  1775 | D:4      | Noticed Robin
  1803 | D:4      | Killed Robin
  1876 | D:4      | Noticed an ogre
  1891 | D:4      | Killed an ogre
  1892 | D:4      | Reached skill level 5 in Evocations
  1892 | D:4      | Reached XP level 7. HP: 28/57 MP: 8/8
  1909 | D:4      | Noticed Ijyb
  1925 | D:4      | Killed Ijyb
  1950 | D:4      | Noticed a guardian serpent
  1950 | D:4      | a two-headed ogre changed into a guardian serpent
  1954 | D:4      | Killed a guardian serpent
  1955 | D:4      | Reached skill level 5 in Axes
  1955 | D:4      | Reached XP level 8. HP: 20/66 MP: 9/9
  2233 | D:5      | Entered Level 5 of the Dungeon
  2343 | D:5      | Reached skill level 5 in Armour
  2468 | D:5      | Found a staircase to the Ecumenical Temple.
  2476 | Temple   | Entered the Ecumenical Temple
  2598 | Temple   | Became a worshipper of the Shining One
  2662 | D:5      | Found a broken altar of Ashenzari.
  2912 | D:5      | Found a sparkling altar of Nemelex Xobeh.
  2973 | D:6      | Reached skill level 1 in Invocations
  2973 | D:6      | Gained mutation: You passively map the area around you.
                  | [Meteoran growth]
  2973 | D:6      | Reached XP level 9. HP: 66/72 MP: 10/10
  3005 | D:6      | Found a transporter.
  3007 | D:6      | Noticed JakeJacob's ghost (weakling TrBe)
  3007 | D:6      | Identified the +8 dire flail of Distant Shores {venom, rF+
                  | Str+2}
  3007 | D:6      | Noticed a two-headed ogre
  3011 | D:6      | Found a transporter.
  3045 | D:6      | Found a blossoming altar of Fedhas.
  3077 | D:6      | Reached skill level 5 in Dodging
  3242 | D:6      | Identified the +3 battleaxe of the Sea {freeze, rPois rF+}
  3348 | D:6      | Reached skill level 5 in Fighting
  3356 | D:6      | Reached * piety under the Shining One
  3535 | D:6      | Found a sacrificial altar of Ru.
  3539 | D:6      | Found an ornate altar of the Wu Jian Council.
  3541 | D:6      | Found a shimmering blue altar of Sif Muna.
  3541 | D:6      | Found a burning altar of Makhleb.
  3547 | D:6      | Found an opulent altar of Gozag.
  3681 | D:7      | Noticed a hornet
  3696 | D:7      | Reached XP level 10. HP: 30/81 MP: 13/13
  3706 | D:7      | HP: 2/121 [killer bee (5)]
  3707 | D:7      | Succumbed to a killer bee's poison

Illustrated notes

Levels and vault maps discovered:
D:1:      dpeg_arrival_tiny_a, layout_loops_cross,
          dreamdust_ecumenical_altar_angels_and_demons, nrook_loot_triangle,
          dk_noncrumbling_2, reono_crystal_passage, st_stairs_3
D:2:      layout_basic
D:3:      layout_basic, minmay_gold_behind_fungi, uniq_terence
D:4:      lemuel_castle_with_subvaults [lemuel_castle_interior_carwin_3],
          layout_basic, kennysheep_mini_moat, serial_shops, shop,
          roderic_roman_lattice, minmay_misc_feat_columns, uniq_robin, uniq_ijyb
D:5:      nicolae_cairo_tiling_large_dashed, layout_loops_ring,
          cheibrodos_ashenzari_chains, mainiacjoe_overflow_surrounded_room,
          minmay_temple_entry_junction
D:6:      layout_cave_pools, nicolae_overflow_hallway_of_the_gods,
          overflow_temple_1_default, gammafunk_ghost_smash,
          minmay_misc_feat_roman, st_stairs_14, corexii_leaking_fountain,
          minmay_three_doors
D:7:      layout_rooms, grunt_temple_overflow_bloody_war
Temple:   chequers_temple_sunken

Skill      XL: |  1  2  3  4  5  6  7  8  9 |
---------------+----------------------------+-----
Evocations     | 4 5 6 7 |  7.0
Dodging        | 2 3 4 5 |  5.9
Armour         | 3 4 5 6 |  6.3
Fighting       | 2 3 4 5 |  5.4
Axes           | 1 2 3 5 6 7 |  7.9
Invocations    | 1 3 |  3.6
Stealth        | |  0.6

Action                   |  1- 3 |  4- 6 |  7- 9 | 10-12 || total
-------------------------+-------+-------+-------+-------++-------
Melee: Club              |    20 |       |       |       ||    20
       Lajatang          |    49 |       |       |       ||    49
       Short sword       |    36 |   140 |   251 |     8 ||   435
       Flail             |       |     3 |    47 |       ||    50
       Punch             |       |     4 |    12 |       ||    16
Evoke: Wand              |       |     3 |    11 |       ||    14
  Use: Scroll            |       |     6 |     4 |       ||    10
       Potion            |       |     1 |     1 |     3 ||     5
Armor: Robe              |    38 |    56 |   173 |     4 ||   271
       Leather armour    |     3 |       |       |       ||     3
       Skin              |       |       |    60 |     8 ||    68
Dodge: Dodged            |    63 |    76 |   252 |     2 ||   393

Table legend: (Time is in decaauts)
 A = Elapsed time spent in this place.
 B = Non-inter-level travel time spent in this place.
 C = Inter-level travel time spent in this place.
 D = Time resting spent in this place.
 E = Time spent auto-exploring this place.
 F = Levels seen in this place.
 G = Mean time per level.
                   A        B        C        D        E       F      G
               +--------+--------+--------+--------+--------+-----+--------+
         Total |   3792 |   3496 |    296 |     10 |   1402 |   8 |  474.0 |
       Dungeon |   3610 |   3342 |    268 |     10 |   1279 |   7 |  515.7 |
        Temple |    181 |    154 |     27 |      0 |    123 |   1 |  181.0 |
               +--------+--------+--------+--------+--------+-----+--------+

Top non-repeatable levels by time:
     D:4: 684 daAuts
     D:1: 647 daAuts
     D:6: 637 daAuts
     D:5: 586 daAuts
     D:3: 533 daAuts
     D:2: 401 daAuts
  Temple: 181 daAuts
     D:7: 121 daAuts
